[Event "Titled Tuesday Blitz August 1 Late 2023"]
[White "Fishbein, Alexander"]
[Black "Koutlas, Nikolaos"]
[WhiteFideId "2000377"]
[BlackFideId "25827138"]
[WhiteElo "2617"]
[BlackElo "2511"]
[Result "1-0"]
[Round "10"]
[TimeControl "180+1"]
[Date "2023.08.01"]
[WhiteClock "0:00:43"]
[BlackClock "0:00:09"]
[Board "43"]

1. e4 c6 2. d4 d5 3. Qf3 dxe4 4. Qxe4 Nf6 5. Qd3 g6 6. Nf3 Bg7 7. Be2 O-O 8. O-O Bf5 9. Qb3 Qb6 10. c3 Nbd7 11. Nbd2 Rfe8 12. Nc4 Qc7 13. g3 Nd5 14. Re1 b5 15. Ne3 Nxe3 16. Bxe3 e5 17. Ng5 Nb6 18. dxe5 Bxe5 19. Bf3 Nd5 20. Bd4 Bxd4 21. cxd4 Qd6 22. Bxd5 Qxd5 23. Qxd5 cxd5 24. Nf3 f6 25. Nd2 Kf7 26. Nb3 Rxe1+ 27. Rxe1 Rc8 28. Nc5 a5 29. a3 Rc7 30. f3 h5 31. Kf2 g5 32. h4 gxh4 33. gxh4 Rc8 34. Kg3 Rg8+ 35. Kf4 Bc8 36. Re2 Rg1 37. Rc2 Rh1 38. Ke3 Rxh4 39. Nb3 Bf5 40. Rc7+ Kg6 41. Nxa5 Rh2 42. Nc6 Rxb2 43. Kf4 Bd3 44. Ne7+ Kf7 45. Nxd5+ Ke6 46. Ne3 h4 47. d5+ Kd6 48. Rc6+ Kd7 49. Rxf6 h3 50. Rh6 h2 51. Ng4 Rb3 52. Ne5+ Kc8 53. Rxh2 Rxa3 54. d6 Ra6 55. Rh8+ Kb7 56. d7 Rd6 57. d8=Q Rxd8 58. Rxd8 Bb1 59. Ke3 Kc7 60. Rd1 Bf5 61. Rc1+ Kb6 62. Kd4 Be6 63. f4 b4 64. Rc6+ Kb5 65. Rxe6 b3 66. Re8 Kb4 67. Rb8+ Ka3 68. Rxb3+ Ka4 69. f5 Ka5 70. f6 Ka6 71. f7 Ka7 72. f8=Q Ka6 73. Qa3# 1-0


[Site "https://www.chess.com"]

[Event "Titled Tuesday Blitz August 1 Late 2023"]
[White "Droin, Augustin"]
[Black "Araujo Sanchez, Josue"]
[WhiteFideId "45105987"]
[BlackFideId "6416896"]
[WhiteElo "2510"]
[BlackElo "2617"]
[Result "1-0"]
[Round "10"]
[TimeControl "180+1"]
[Date "2023.08.01"]
[WhiteClock "0:01:43"]
[BlackClock "0:01:51"]
[Board "44"]

1. e4 c6 2. Nf3 d5 3. d3 Bg4 4. h3 Bxf3 5. Qxf3 e6 6. Nd2 Bd6 7. g3 Ne7 8. Bg2 Nd7 9. O-O O-O 10. Qe2 e5 11. c3 a5 12. a4 f5 13. b3 f4 14. d4 fxg3 15. fxg3 Rxf1+ 16. Nxf1 exd4 17. exd5 Nc5 18. dxc6 Nxc6 19. Bxc6 bxc6 20. cxd4 Na6 21. Qc4+ Kh8 22. Bd2 Nb4 23. Re1 Qd7 24. Qe6 Qd8 25. Re4 h6 26. Bxh6 Nd5 27. Bxg7+ Kxg7 28. Rg4+ Kf8 29. Rg8# 1-0


[Site "https://www.chess.com"]

[Event "Titled Tuesday Blitz August 1 Late 2023"]
[White "Jovic, Stanoje"]
[Black "Wu, Rochelle"]
[WhiteFideId "905020"]
[BlackFideId "30908132"]
[WhiteElo "2505"]
[BlackElo "2614"]
[Result "0-1"]
[Round "10"]
[TimeControl "180+1"]
[Date "2023.08.01"]
[WhiteClock "0:00:00"]
[BlackClock "0:00:21"]
[Board "45"]

1. c4 Nf6 2. g3 c6 3. Bg2 d5 4. cxd5 cxd5 5. Nf3 Nc6 6. d4 Bf5 7. Nc3 e6 8. O-O Bd6 9. Bf4 O-O 10. Ne5 Bxe5 11. dxe5 Nd7 12. e4 dxe4 13. Nxe4 Ndxe5 14. Nd6 Ng6 15. Nxb7 Qb6 16. Qb3 Qxb3 17. axb3 Nd4 18. Bd6 Rfe8 19. b4 Rac8 20. Bc5 Nb5 21. Rfd1 Ne5 22. Ra5 a6 23. Rxa6 Bc2 24. Rd2 Bg6 25. Rb6 Nc4 26. Rxb5 Nxd2 27. Nd6 Rb8 28. Rxb8 Rxb8 29. b5 Nb3 30. Ba7 Rd8 31. b6 Na5 32. b7 Nxb7 33. Nxb7 Rd1+ 34. Bf1 Bd3 35. Kg2 Bxf1+ 36. Kf3 Bc4 37. Nc5 Rd2 38. b3 Bxb3 39. Ke3 Rb2 40. Nd3 Rb1 41. Bd4 Bd5 42. h4 Rb3 43. Kd2 h6 44. g4 Rb8 45. g5 Rd8 46. Ke3 Bc4 47. Ne5 Bd5 48. gxh6 gxh6 49. Ng4 Kh7 50. Nf6+ Kg6 51. h5+ Kf5 52. f3 e5 53. Bb6 Rd6 54. Nxd5 Rxd5 55. Kf2 Rb5 56. Be3 e4 57. Bxh6 Rb2+ 58. Kg3 Rb3 59. Kg2 Rxf3 60. Bg7 Kg5 61. h6 Kg6 62. Bf8 f5 63. Bg7 Rf4 64. Kg3 Rf1 65. Kg2 Ra1 66. Kg3 Ra7 67. Bf8 Rh7 68. Kf4 Rxh6 69. Be7 Rh7 70. Bd8 Rd7 71. Bb6 Rd3 72. Ba7 Rf3+ 73. Ke5 e3 74. Bb6 e2 75. Ba5 e1=Q+ 76. Bxe1 Re3+ 77. Kf4 Rxe1 78. Kf3 Re4 0-1


[Site "https://www.chess.com"]

[Event "Titled Tuesday Blitz August 1 Late 2023"]
[White "Leebit02"]
[Black "Papayan, Oleg"]
[BlackFideId "4193911"]
[WhiteElo "2560"]
[BlackElo "2501"]
[Result "1-0"]
[Round "10"]
[TimeControl "180+1"]
[Date "2023.08.01"]
[WhiteClock "0:00:15"]
[BlackClock "0:00:00"]
[Board "46"]

1. e4 d5 2. exd5 Qxd5 3. Nc3 Qd8 4. d4 c6 5. Nf3 Bf5 6. Bc4 e6 7. O-O Nf6 8. h3 h6 9. Re1 Be7 10. Be3 O-O 11. a4 a5 12. Ne2 Nbd7 13. Ng3 Bh7 14. Qe2 Nb6 15. Bb3 Nbd5 16. Bd2 Bd6 17. Ne5 Qc7 18. Nh5 Nxh5 19. Qxh5 Rfe8 20. Qg4 Bf5 21. Qh4 Qe7 22. Qh5 Nf6 23. Qf3 Rad8 24. Bxa5 Ra8 25. Bd2 Bh7 26. Bf4 Nd5 27. Bg3 Rad8 28. c3 Qf6 29. Qe2 Nf4 30. Bxf4 Qxf4 31. g3 Qf5 32. Kg2 Ra8 33. Rac1 Red8 34. Bc2 Qf6 35. Bxh7+ Kxh7 36. b3 Bxe5 37. Qxe5 Qxe5 38. Rxe5 Rd5 39. Rxd5 cxd5 40. Kf3 Kg6 41. Ke3 Kf6 42. Kd3 Ke7 43. Ra1 Kd6 44. c4 dxc4+ 45. bxc4 f6 46. f4 Ra5 47. Kc3 Kc6 48. Kb4 b6 49. Re1 Kd6 50. c5+ Kd5 51. cxb6 Ra6 52. Kb5 Ra8 53. b7 Re8 54. a5 Kxd4 55. a6 1-0


[Site "https://www.chess.com"]

[Event "Titled Tuesday Blitz August 1 Late 2023"]
[White "Santos Flores, Alberto"]
[Black "Peycheva, Gergana"]
[WhiteFideId "3601234"]
[BlackFideId "2916711"]
[WhiteElo "2558"]
[BlackElo "2495"]
[Result "0-1"]
[Round "10"]
[TimeControl "180+1"]
[Date "2023.08.01"]
[WhiteClock "0:00:19"]
[BlackClock "0:00:42"]
[Board "47"]

1. e4 c5 2. Nf3 Nc6 3. Nc3 g6 4. d4 cxd4 5. Nxd4 Bg7 6. Be3 Nf6 7. Bc4 O-O 8. Bb3 Re8 9. f3 d5 10. exd5 Nb4 11. Nde2 e6 12. d6 Nbd5 13. Nxd5 exd5 14. Bd4 Qxd6 15. O-O Be6 16. Qd2 Rad8 17. Rad1 a6 18. c3 Bd7 19. Rfe1 Bc6 20. Nc1 Nh5 21. Bxg7 Nxg7 22. Nd3 Nf5 23. Qf4 Rxe1+ 24. Rxe1 Qxf4 25. Nxf4 d4 26. Rd1 Rd7 27. g4 Bxf3 28. gxf5 Bxd1 29. Bxd1 dxc3 30. Bc2 Rd2 31. Be4 Rd4 0-1


[Site "https://www.chess.com"]

[Event "Titled Tuesday Blitz August 1 Late 2023"]
[White "Perez, Maximiliano"]
[Black "Kanyamarala, Tarun"]
[WhiteFideId "117234"]
[BlackFideId "45004714"]
[WhiteElo "2557"]
[BlackElo "2492"]
[Result "1-0"]
[Round "10"]
[TimeControl "180+1"]
[Date "2023.08.01"]
[WhiteClock "0:00:23"]
[BlackClock "0:01:18"]
[Board "48"]

1. e4 c5 2. Nf3 e6 3. d3 Nc6 4. g3 g6 5. Bg2 Bg7 6. O-O Nge7 7. c3 d5 8. Nbd2 O-O 9. Re1 Qc7 10. h4 h6 11. Nf1 Rd8 12. exd5 Nxd5 13. Qe2 e5 14. N3d2 Bf5 15. Ne4 b6 16. Ne3 Nxe3 17. Bxe3 Rac8 18. Rad1 Kh7 19. h5 Qd7 20. Bf3 Qe7 21. b3 Rd7 22. Kg2 Nd8 23. Rh1 Ne6 24. hxg6+ fxg6 25. Qd2 h5 26. Qe2 Rf8 27. g4 Bxe4 28. Bxe4 h4 29. g5 Nxg5 30. Qh5+ Bh6 31. Qxg6+ Kh8 32. Qxh6+ Nh7 33. Rxh4 Rg8+ 34. Kf1 1-0


[Site "https://www.chess.com"]

[Event "Titled Tuesday Blitz August 1 Late 2023"]
[White "Ambartsumova, Karina"]
[Black "Liu, Casper"]
[WhiteFideId "4166299"]
[BlackFideId "1454153"]
[WhiteElo "2555"]
[BlackElo "2490"]
[Result "0-1"]
[Round "10"]
[TimeControl "180+1"]
[Date "2023.08.01"]
[WhiteClock "0:00:00"]
[BlackClock "0:00:28"]
[Board "49"]

1. c4 Nf6 2. Nc3 e6 3. e4 d5 4. e5 d4 5. exf6 dxc3 6. bxc3 Qxf6 7. Nf3 Nc6 8. d4 e5 9. d5 Ne7 10. Be2 Ng6 11. O-O Bd6 12. Bg5 Qf5 13. Bd3 Qg4 14. h3 Qh5 15. Be3 O-O 16. c5 Be7 17. Be2 Qf5 18. d6 cxd6 19. cxd6 Bf6 20. c4 Rd8 21. c5 Bd7 22. Nd2 Bc6 23. Nc4 Nh4 24. f3 e4 25. f4 Bxa1 26. Qxa1 Qg6 27. Rf2 Qg3 28. Kh1 b5 29. cxb6 axb6 30. Qc1 Rxa2 31. Nxb6 Nf5 32. Nc4 Bb5 0-1


[Site "https://www.chess.com"]

[Event "Titled Tuesday Blitz August 1 Late 2023"]
[White "Kochiev, Ivan"]
[Black "Sivakumar, Shaaketh"]
[WhiteFideId "2917890"]
[BlackFideId "30940176"]
[WhiteElo "2555"]
[BlackElo "2487"]
[Result "0-1"]
[Round "10"]
[TimeControl "180+1"]
[Date "2023.08.01"]
[WhiteClock "0:01:38"]
[BlackClock "0:02:23"]
[Board "50"]

1. e4 c5 2. Nf3 d6 3. d4 cxd4 4. Nxd4 Nf6 5. f3 a6 6. c4 e6 7. Nc3 b6 8. Be3 Bb7 9. Be2 Nbd7 10. O-O Be7 11. Qd2 O-O 12. Rfd1 Rc8 13. Rac1 Qc7 14. b4 Rfe8 15. Nb3 Qb8 16. Bf1 d5 17. exd5 Bxb4 18. Bf2 exd5 19. Qg5 Re5 20. Qg3 Bd6 21. Qh3 Rh5 0-1


[Site "https://www.chess.com"]

[Event "Titled Tuesday Blitz August 1 Late 2023"]
[White "Graif, William"]
[Black "Salazar Farias, Luis German"]
[WhiteFideId "2609835"]
[BlackFideId "3902170"]
[WhiteElo "2553"]
[BlackElo "2487"]
[Result "1-0"]
[Round "10"]
[TimeControl "180+1"]
[Date "2023.08.01"]
[WhiteClock "0:00:17"]
[BlackClock "0:00:00"]
[Board "51"]

1. e4 c6 2. d4 d5 3. Nc3 dxe4 4. Bc4 Nf6 5. f3 exf3 6. Nxf3 Bf5 7. O-O e6 8. Ng5 Bg6 9. Bxe6 fxe6 10. Nxe6 Qd7 11. Bg5 Bf7 12. Nxg7+ Bxg7 13. Bxf6 O-O 14. Bxg7 Kxg7 15. Ne4 Na6 16. Nf6 Qe6 17. Qd2 Bg6 18. Rae1 Qd6 19. Qg5 Qxd4+ 20. Kh1 Rf7 21. Nh5+ Kh8 22. Rxf7 Bxf7 23. Nf6 Bg6 24. h3 Rf8 25. Ng4 Qf4 26. Qe7 h5 27. Ne5 Bh7 28. Nd7 Rg8 29. Nf6 1-0


[Site "https://www.chess.com"]

[Event "Titled Tuesday Blitz August 1 Late 2023"]
[White "Tikhonov, Viacheslav"]
[Black "Gaal, Zsoka"]
[WhiteFideId "44196407"]
[BlackFideId "777765"]
[WhiteElo "2540"]
[BlackElo "2472"]
[Result "0-1"]
[Round "10"]
[TimeControl "180+1"]
[Date "2023.08.01"]
[WhiteClock "0:00:02"]
[BlackClock "0:00:04"]
[Board "52"]

1. e4 Nf6 2. Nc3 d5 3. exd5 Nxd5 4. Nxd5 Qxd5 5. Qf3 Qxf3 6. Nxf3 g6 7. d4 Bg7 8. Bf4 c5 9. O-O-O cxd4 10. Nxd4 O-O 11. Nb5 Nc6 12. Nc7 Rb8 13. Nd5 e5 14. Bg5 Be6 15. Be2 Nd4 16. Bc4 b5 17. Ne7+ Kh8 18. Bxe6 Nxe6 19. Be3 a6 20. Rd7 Rfd8 21. Rhd1 f5 22. Nc6 Rxd7 23. Rxd7 Rc8 24. Rd6 Nc7 25. Na7 Re8 26. f3 Kg8 27. Nc6 e4 28. f4 Re6 29. Rd8+ Re8 30. Rd7 Ne6 31. g3 Bf6 32. Nb4 Rd8 33. Rxd8+ Bxd8 34. Nxa6 g5 35. Nb4 gxf4 36. gxf4 Bc7 37. Nd5 Bd6 38. Kd2 Kf7 39. c3 Kg6 40. Ke2 Kh5 41. Kf2 Kg4 42. Nf6+ Kh3 43. Nxh7 Nxf4 44. Ng5+ Kxh2 45. Bxf4+ Bxf4 46. Ne6 Be5 47. Nd4 f4 48. Nxb5 f3 49. Nd4 Bg3+ 50. Kf1 Kh3 51. c4 Kg4 52. c5 e3 53. c6 Be5 54. Ne2 fxe2+ 55. Kxe2 Kf4 56. b4 Ke4 57. b5 Bc7 58. a4 Bb6 59. Kd1 Kd3 60. c7 Bxc7 61. Ke1 e2 62. b6 Bxb6 63. a5 Bxa5+ 64. Kf2 e1=Q+ 65. Kg2 Qe2+ 66. Kh1 Bc7 67. Kg1 Ke3 68. Kh1 Kf3 69. Kg1 Qg2# 0-1


[Site "https://www.chess.com"]

[Event "Titled Tuesday Blitz August 1 Late 2023"]
[White "Berezin, Viktor"]
[Black "Vega Gutierrez, Sabrina"]
[WhiteFideId "14107872"]
[BlackFideId "2219026"]
[WhiteElo "2534"]
[BlackElo "2445"]
[Result "0-1"]
[Round "10"]
[TimeControl "180+1"]
[Date "2023.08.01"]
[WhiteClock "0:00:39"]
[BlackClock "0:00:58"]
[Board "54"]

1. d4 d5 2. c4 e6 3. Nf3 c6 4. Qc2 dxc4 5. Qxc4 Nf6 6. g3 b5 7. Qc2 Bb7 8. Bg2 Nbd7 9. O-O c5 10. dxc5 Bxc5 11. a3 O-O 12. b4 Bb6 13. Bb2 Rc8 14. Qd1 Qe7 15. Nbd2 Rfd8 16. Rc1 Rxc1 17. Qxc1 Rc8 18. Qb1 h6 19. Rd1 Nd5 20. Ne4 N7f6 21. Ne5 Nxe4 22. Bxe4 Nf6 23. Bf3 Bxf3 24. Nxf3 Nd5 25. Qd3 a6 26. Be5 Qa7 27. e3 Qb7 28. Nd4 Bxd4 29. Bxd4 Qc6 30. Bc5 Nf6 31. Qe2 Ne4 32. Rc1 Qd5 33. Rd1 Nc3 34. Rxd5 Nxe2+ 35. Kf1 Nxg3+ 36. hxg3 exd5 37. Ke2 h5 38. Kd3 Rc6 39. Kd4 Rf6 40. f4 Rg6 41. Kxd5 Rxg3 0-1


[Site "https://www.chess.com"]

[Event "Titled Tuesday Blitz August 1 Late 2023"]
[White "Vovk, Orest"]
[Black "Kielinkei"]
[WhiteFideId "14113490"]
[WhiteElo "2524"]
[BlackElo "2436"]
[Result "1-0"]
[Round "10"]
[TimeControl "180+1"]
[Date "2023.08.01"]
[WhiteClock "0:00:35"]
[BlackClock "0:00:01"]
[Board "55"]

1. h4 e5 2. h5 d5 3. h6 Nxh6 4. d4 Nc6 5. Bxh6 gxh6 6. dxe5 Nxe5 7. Nf3 Nxf3+ 8. gxf3 Bg7 9. Nc3 d4 10. Ne4 Bf5 11. Qd3 Qe7 12. Rh5 Qb4+ 13. Qd2 Qxb2 14. Rd1 Bxe4 15. fxe4 d3 16. Rc5 O-O-O 17. cxd3 Qb6 18. Bh3+ Kb8 19. Rdc1 Bd4 20. Rf5 f6 21. e3 Be5 22. Ke2 Rhg8 23. f4 Rg3 24. Bf1 Bd6 25. Rxf6 Qa6 26. Kf2 Rdg8 27. Qc2 Qb5 28. Rxd6 cxd6 29. Qc7+ 1-0


[Site "https://www.chess.com"]

[Event "Titled Tuesday Blitz August 1 Late 2023"]
[White "Rodriguez Fontecha, Marcos"]
[Black "Sreyas Payyappat"]
[WhiteFideId "2256576"]
[BlackFideId "46674969"]
[WhiteElo "2423"]
[BlackElo "2524"]
[Result "0-1"]
[Round "10"]
[TimeControl "180+1"]
[Date "2023.08.01"]
[WhiteClock "0:00:00"]
[BlackClock "0:01:15"]
[Board "56"]

1. e4 c6 2. d4 d5 3. Nc3 dxe4 4. Nxe4 Nf6 5. Nxf6+ exf6 6. c3 Bd6 7. Bd3 O-O 8. Qc2 Re8+ 9. Ne2 h5 10. Be3 Nd7 11. O-O-O Nf8 12. Ng3 h4 13. Nf5 Bxf5 14. Bxf5 b5 15. g3 g6 16. Be4 h3 17. Bxc6 b4 18. c4 Rc8 19. Bxe8 Qxe8 20. Kb1 a5 21. Qd3 Ne6 22. Rhe1 Qd7 23. c5 Bf8 24. Qc4 Qb7 25. Bf4 g5 26. Bc1 Qf3 27. Rd3 Qf5 28. Ka1 a4 29. Qxb4 Qxd3 30. Be3 Rd8 31. Qb6 Rxd4 32. Bxd4 Nxd4 0-1


[Site "https://www.chess.com"]

[Event "Titled Tuesday Blitz August 1 Late 2023"]
[White "Pesotskiy, Mikhail"]
[Black "Romero Pallares, Daniel"]
[WhiteFideId "34164453"]
[BlackFideId "32025637"]
[WhiteElo "2430"]
[BlackElo "2523"]
[Result "1-0"]
[Round "10"]
[TimeControl "180+1"]
[Date "2023.08.01"]
[WhiteClock "0:00:47"]
[BlackClock "0:01:29"]
[Board "57"]

1. d4 d6 2. c4 g6 3. e4 Bg7 4. Nc3 e5 5. d5 a5 6. Bd3 Na6 7. Nge2 Bd7 8. f3 Bh6 9. O-O Bxc1 10. Qxc1 f5 11. f4 Nc5 12. Bc2 Qe7 13. exf5 gxf5 14. fxe5 Qxe5 15. Qg5 Ne7 16. Qh5+ Kd8 17. Rae1 Qg7 18. Ng3 Rf8 19. Bxf5 Rg8 20. Bxd7 Nxd7 21. Rf7 Qd4+ 22. Kh1 Ne5 23. Rxe7 Kxe7 24. Nf5+ 1-0


[Site "https://www.chess.com"]

[Event "Titled Tuesday Blitz August 1 Late 2023"]
[White "Haitin, Ilja"]
[Black "Zhang, Derek"]
[WhiteFideId "4501764"]
[BlackFideId "2087871"]
[WhiteElo "2395"]
[BlackElo "2522"]
[Result "0-1"]
[Round "10"]
[TimeControl "180+1"]
[Date "2023.08.01"]
[WhiteClock "0:00:03"]
[BlackClock "0:01:28"]
[Board "58"]

1. Nf3 d6 2. e4 e5 3. Nc3 Nf6 4. g3 Be7 5. Bg2 O-O 6. O-O c6 7. a4 a5 8. d4 exd4 9. Nxd4 Nbd7 10. h3 Ne5 11. f4 Ng6 12. Kh2 Re8 13. Be3 Bf8 14. Bg1 Qc7 15. Qd2 Bd7 16. Rae1 Rad8 17. Qf2 Qb8 18. b3 b5 19. Kh1 b4 20. Nb1 c5 21. Nf5 d5 22. Nxg7 Bxg7 23. e5 Ne4 24. Bxe4 dxe4 25. Rxe4 Qb7 26. Re1 Bc6 27. Nd2 Nxe5 28. fxe5 Rxe5 29. Kh2 Bxe4 30. Nc4 Re6 31. Qxc5 Bh1 32. Ne3 Rxe3 0-1


[Site "https://www.chess.com"]

[Event "Titled Tuesday Blitz August 1 Late 2023"]
[White "Mike24147"]
[Black "Shapiro, Viktor"]
[BlackFideId "4175700"]
[WhiteElo "2407"]
[BlackElo "2544"]
[Result "0-1"]
[Round "10"]
[TimeControl "180+1"]
[Date "2023.08.01"]
[WhiteClock "0:00:00"]
[BlackClock "0:00:33"]
[Board "59"]

1. c4 Nf6 2. g3 c5 3. Bg2 Nc6 4. Nc3 g6 5. d3 Bg7 6. e4 O-O 7. Nge2 d6 8. O-O a6 9. h3 Rb8 10. a4 Ne8 11. Be3 Nc7 12. d4 b6 13. Qd2 e5 14. d5 Na5 15. Qd3 Nb3 16. Ra3 Nd4 17. f4 b5 18. axb5 axb5 19. cxb5 Bd7 20. fxe5 dxe5 21. Qc4 Ncxb5 22. Ra2 Qe7 23. Re1 Rfc8 24. Kh2 Nd6 25. Qd3 Rb3 26. Ra7 Rxb2 27. Na4 Rb3 28. Qd2 Nc4 29. Qa2 Rxe3 30. Qxc4 Qd6 31. Rxd7 Qxd7 32. Nb6 Qd8 33. Nxc8 Qxc8 34. d6 Bf8 35. Rf1 Qe6 36. Qxe6 Nxe6 37. Ng1 Rd3 38. Nf3 Bxd6 0-1


[Site "https://www.chess.com"]

[Event "Titled Tuesday Blitz August 1 Late 2023"]
[White "Hirneise, Jens"]
[Black "Womacka, Mathias"]
[WhiteFideId "24614734"]
[BlackFideId "4611390"]
[WhiteElo "2465"]
[BlackElo "2530"]
[Result "1-0"]
[Round "10"]
[TimeControl "180+1"]
[Date "2023.08.01"]
[WhiteClock "0:00:05"]
[BlackClock "0:00:00"]
[Board "60"]

1. e4 c5 2. Nc3 Nc6 3. Bb5 Nd4 4. a4 e6 5. Nf3 a6 6. Bd3 Nxf3+ 7. Qxf3 Ne7 8. O-O Nc6 9. Qg3 g6 10. f4 Bg7 11. e5 d6 12. exd6 Qxd6 13. Ne4 Qe7 14. c3 O-O 15. Qf2 b6 16. Bc2 Bb7 17. d3 Rad8 18. Be3 f5 19. Ng5 h6 20. Nf3 e5 21. fxe5 Nxe5 22. Nxe5 Qxe5 23. Bf4 Qd5 24. Rae1 Rde8 25. Rxe8 Rxe8 26. Bd2 Kh7 27. Re1 Rxe1+ 28. Bxe1 b5 29. axb5 axb5 30. Qe2 b4 31. h4 bxc3 32. bxc3 f4 33. h5 Qxh5 34. Qxh5 gxh5 35. d4+ Kg8 36. dxc5 Kf7 37. Bf5 Bc6 38. Bd2 Be5 39. Kf2 Kf6 40. Bd3 Ke6 41. Bc4+ Ke7 42. Be2 Ke6 43. Bxh5 Kd5 44. Bf3+ Kxc5 45. Bxc6 Kxc6 46. Kf3 h5 47. Ke4 Bg7 48. c4 Kc5 49. Kd3 Be5 50. Be1 Bf6 51. Bf2+ Kd6 52. Ke4 Bg5 53. Kf5 Bh6 54. Ke4 Ke6 55. c5 Bg5 56. Be1 h4 57. Bf2 Kd7 58. Kf5 Be7 59. Kxf4 Kc6 60. Kg4 Kd5 61. Kf5 Bf8 62. Kg4 Be7 63. Kh3 Bf6 64. Bxh4 Bd4 65. Be7 Ke6 66. Bd6 Kf5 67. Kg3 Kg6 68. Kf3 Kf5 69. g4+ Ke6 70. Ke4 Bf2 71. Kf4 Bg1 72. Kf3 1-0


[Site "https://www.chess.com"]

[Event "Titled Tuesday Blitz August 1 Late 2023"]
[White "Moral Garcia, Serafin"]
[Black "KrokerGuy"]
[WhiteFideId "2201925"]
[WhiteElo "2525"]
[BlackElo "2438"]
[Result "0-1"]
[Round "10"]
[TimeControl "180+1"]
[Date "2023.08.01"]
[WhiteClock "0:00:00"]
[BlackClock "0:00:08"]
[Board "61"]

1. c4 e6 2. Nf3 Nf6 3. b3 b6 4. Bb2 Bb7 5. Nc3 Be7 6. e3 O-O 7. d4 d5 8. Bd3 c5 9. dxc5 Bxc5 10. O-O Nbd7 11. Qe2 Qe7 12. Rfd1 Rfd8 13. Rac1 Rac8 14. cxd5 Nxd5 15. Nxd5 Bxd5 16. Ba6 Rc7 17. e4 Bb7 18. b4 Bxa6 19. Qxa6 Nb8 20. Qb5 Rxd1+ 21. Rxd1 Bxb4 22. Be5 Rd7 23. Rc1 Bd6 24. h3 h6 25. a4 f6 26. Bxd6 Qxd6 27. e5 fxe5 0-1


[Site "https://www.chess.com"]

[Event "Titled Tuesday Blitz August 1 Late 2023"]
[White "Arnold, Ken"]
[Black "Fiorito, Francisco"]
[WhiteFideId "2056836"]
[BlackFideId "180165"]
[WhiteElo "2433"]
[BlackElo "2522"]
[Result "0-1"]
[Round "10"]
[TimeControl "180+1"]
[Date "2023.08.01"]
[WhiteClock "0:02:30"]
[BlackClock "0:02:33"]
[Board "62"]

1. d4 a6 2. e4 b5 3. Bd3 Bb7 4. Ne2 e6 5. O-O Nf6 6. Ng3 d5 7. e5 Nfd7 8. c3 c5 9. Kh1 Nc6 10. Be3 Qb6 11. dxc5 Bxc5 12. Bxc5 Nxc5 13. f4 O-O-O 14. Ne2 d4 15. c4 Nb4 0-1


[Site "https://www.chess.com"]

[Event "Titled Tuesday Blitz August 1 Late 2023"]
[White "NigelDwarf"]
[Black "Mushini Ajay"]
[BlackFideId "35066188"]
[WhiteElo "2516"]
[BlackElo "2399"]
[Result "0-1"]
[Round "10"]
[TimeControl "180+1"]
[Date "2023.08.01"]
[WhiteClock "0:00:03"]
[BlackClock "0:00:14"]
[Board "63"]

1. Nf3 c5 2. e4 d6 3. d4 cxd4 4. Nxd4 a6 5. Nc3 e5 6. Nf5 Bxf5 7. exf5 Nf6 8. Bg5 Nbd7 9. Qf3 Qc7 10. O-O-O Rc8 11. g4 b5 12. a3 d5 13. Bd3 e4 14. Qe2 Be7 15. Nxd5 Nxd5 16. Qxe4 N7f6 17. Bxf6 Nxf6 18. Qf3 Qc6 19. Qh3 h5 20. g5 Ng4 21. Rhe1 Kf8 22. Qh4 Qf3 23. Rd2 Qf4 24. f6 gxf6 25. g6 fxg6 26. Bxg6 Rd8 27. Rd1 f5 28. Qh3 Rxd2 29. Rxd2 Bg5 30. Qb3 Qxd2+ 31. Kb1 Qd7 32. Qc3 Bf6 33. Qc5+ Qe7 34. Qxf5 Qe5 35. Qc8+ Kg7 36. Qd7+ Kxg6 0-1


[Site "https://www.chess.com"]

[Event "Titled Tuesday Blitz August 1 Late 2023"]
[White "Bueno, Alfeu Junior Varela"]
[Black "Nanu, Costica-Ciprian"]
[WhiteFideId "2108879"]
[BlackFideId "1204580"]
[WhiteElo "2396"]
[BlackElo "2488"]
[Result "1-0"]
[Round "10"]
[TimeControl "180+1"]
[Date "2023.08.01"]
[WhiteClock "0:00:23"]
[BlackClock "0:00:00"]
[Board "64"]

1. e4 c5 2. Nc3 g6 3. f4 Bg7 4. Nf3 Nc6 5. Bb5 Nd4 6. O-O Nxb5 7. Nxb5 a6 8. Nc3 d6 9. d3 e6 10. Be3 Ne7 11. d4 b6 12. dxc5 dxc5 13. Qxd8+ Kxd8 14. Ne5 Rf8 15. Rad1+ Kc7 16. a4 Bb7 17. a5 Bxe5 18. axb6+ Kxb6 19. fxe5 Bc6 20. Rd6 Nc8 21. Rd2 a5 22. Rfd1 Na7 23. Rd6 Nc8 24. Rd8 Ne7 25. R8d6 Nc8 26. Na4+ Kb5 27. R6d3 Bxe4 28. Rb3+ Kc6 29. Rc3 Bd5 30. Nxc5 Kb5 31. Nd7 Rd8 32. Rc5+ Ka6 33. Rc7 Na7 34. c4 Bc6 35. Nc5+ Kb6 36. Nxe6+ Ka6 37. Rxd8 Rxd8 38. Nxd8 1-0


[Site "https://www.chess.com"]

[Event "Titled Tuesday Blitz August 1 Late 2023"]
[White "ExchangeAB"]
[Black "Hacker, Jonas"]
[BlackFideId "1270968"]
[WhiteElo "2487"]
[BlackElo "2366"]
[Result "0-1"]
[Round "10"]
[TimeControl "180+1"]
[Date "2023.08.01"]
[WhiteClock "0:02:16"]
[BlackClock "0:01:13"]
[Board "65"]

1. d4 Nf6 2. Nc3 d5 3. Bf4 c5 4. e3 cxd4 5. exd4 a6 6. Nf3 Nc6 7. Ne5 Qb6 8. Nxc6 Qxc6 9. Bd3 Bg4 10. Ne2 Bh5 11. O-O e6 12. c3 Bg6 13. Be5 Be7 14. Nf4 Bxd3 15. Nxd3 O-O 16. a4 Nd7 17. Qh5 Bf6 18. Bf4 g6 19. Qf3 Bg7 20. h4 h5 21. Bg5 Rfe8 22. Rfe1 e5 23. dxe5 Nxe5 24. Nxe5 Bxe5 25. Rad1 d4 26. Qxc6 bxc6 27. cxd4 Bg7 28. Rxe8+ Rxe8 29. d5 cxd5 30. Rxd5 Bxb2 31. Rd6 Re1+ 0-1


[Site "https://www.chess.com"]

[Event "Titled Tuesday Blitz August 1 Late 2023"]
[White "Rego, Pedro Filipe"]
[Black "D`Arruda, Ricardo D."]
[WhiteFideId "1904310"]
[BlackFideId "100692"]
[WhiteElo "2356"]
[BlackElo "2467"]
[Result "1-0"]
[Round "10"]
[TimeControl "180+1"]
[Date "2023.08.01"]
[WhiteClock "0:00:30"]
[BlackClock "0:00:54"]
[Board "66"]

1. e4 c5 2. Nf3 Nc6 3. Bb5 g6 4. O-O Bg7 5. Bxc6 bxc6 6. d3 d6 7. h3 e5 8. Nbd2 Ne7 9. Nc4 O-O 10. Be3 Kh8 11. Qd2 f5 12. Bh6 f4 13. Bxg7+ Kxg7 14. Nh2 Be6 15. c3 Qd7 16. b3 f3 17. Nxf3 Bxh3 18. Ng5 Be6 19. d4 Bxc4 20. bxc4 cxd4 21. cxd4 h6 22. Nh3 Qe6 23. d5 cxd5 24. cxd5 Qg4 25. f3 Qd7 26. Rfc1 Rfc8 27. Nf2 h5 28. f4 exf4 29. Qxf4 Rf8 30. Qe3 Rac8 31. Rab1 Rc7 32. Qd4+ Kh7 33. Nh3 Rxc1+ 34. Rxc1 Qg4 35. Rc7 Rf7 36. Qe3 a5 37. Ng5+ Kg7 38. Nxf7 Kxf7 39. Qf3+ Qxf3 40. gxf3 1-0


[Site "https://www.chess.com"]

[Event "Titled Tuesday Blitz August 1 Late 2023"]
[White "Srdanovic, Jovana"]
[Black "Haydon, David L"]
[WhiteFideId "954810"]
[BlackFideId "415405"]
[WhiteElo "2366"]
[BlackElo "2630"]
[Result "1/2-1/2"]
[Round "10"]
[TimeControl "180+1"]
[Date "2023.08.01"]
[WhiteClock "0:00:06"]
[BlackClock "0:00:23"]
[Board "67"]

1. d4 d5 2. c4 Nf6 3. Nc3 e6 4. Bg5 dxc4 5. e3 c5 6. Bxc4 cxd4 7. exd4 Qa5 8. Bxf6 gxf6 9. Ne2 Nc6 10. O-O Bg7 11. d5 Ne5 12. Bb5+ Ke7 13. d6+ Kd8 14. d7 Bxd7 15. Bxd7 Nxd7 16. Qd3 Ke7 17. Nb5 Qb6 18. Rad1 Nc5 19. Qc4 Rac8 20. Rd6 Nd7 21. Qd3 Ne5 22. Rxb6 Nxd3 23. Rxb7+ Kf8 24. Nd6 Rc2 25. Rxf7+ Kg8 26. Nd4 Rxb2 27. Nxe6 Bh6 28. Rxa7 Rb8 29. Nf5 Bf8 30. Ne7+ Kf7 31. Nc6+ Kxe6 32. Nxb8 Bc5 33. Ra6+ Kd5 34. Nc6 Kc4 35. h3 Kb5 36. Ra5+ Kxc6 37. Rd1 Rd8 38. Kh2 Rd5 39. Ra6+ Bb6 40. Rb1 Rb5 41. Rxb5 Kxb5 42. Ra8 Bxf2 43. Rh8 Bd4 44. Rxh7 Be5+ 45. g3 Nf2 46. Rg7 Ne4 47. Kg2 f5 48. h4 Bxg7 49. Kf3 Nd6 50. g4 fxg4+ 51. Kxg4 Ka4 52. Kg5 Ne4+ 53. Kg6 Bd4 54. h5 Ka3 55. h6 Kxa2 56. Kf7 Kb3 57. h7 Kc4 58. Kg8 Ng5 59. h8=Q Bxh8 60. Kxh8 1/2-1/2


[Site "https://www.chess.com"]